 Dungeon Crawl Stone Soup version 0.27-a0-334-g52645efa06 (webtiles) character file.

Game seed: 10853079543170553263

7 inc the Scratcher (level 1, 0/10 HPs)
             Began as a Felid Chaos Knight on Feb 13, 2021.
             Was a Plaything of Xom.
             Slain by a bat (1 damage)
             ... on level 1 of the Dungeon.
             The game lasted 00:00:32 (204 turns).

inc the Scratcher (Felid Chaos Knight)               Turns: 204, Time: 00:00:32

Health: 0/10       AC:  1    Str:  8    XL:     1   Next: 91%
Magic:  2/2        EV: 18    Int: 13    God:    Xom [..*...]
Gold:   3          SH:  0    Dex: 15    Spells: 0/0 levels left
                                        Lives:  0   Deaths: 0

rFire    . . .     SeeInvis +     - Unarmed
rCold    . . .     Faith    .   (shield unavailable)
rNeg     . . .     Spirit   .   (armour unavailable)
rPois    .         Reflect  .   (helmet unavailable)
rElec    .         Harm     .   (cloak unavailable)
rCorr    .         Rampage  .   (gloves unavailable)
Will     .....                  (boots unavailable)
Stlth    ++........             (no amulet)
HPRegen  0.03/turn              (no ring)
MPRegen  0.08/turn              (no ring)

@: quick
A: very small, no armour, no weapons or thrown items, stealth, claws 1, fangs 3,
see invisible, speed 1, shaggy fur 1, sharp paws
a: Renounce Religion


You were on level 1 of the Dungeon.
You worshipped Xom.
You were a toy of Xom.
You visited 1 branch of the dungeon, and saw 1 of its levels.

You collected 3 gold pieces.

You aren't carrying anything.


   Skills:
 - Level 3.0 Fighting
 - Level 3.2 Dodging
 + Level 3.5 Unarmed Combat


You couldn't memorise any spells.
You didn't know any spells.
Your spell library was empty.

Dungeon Overview and Level Annotations

Branches:
Dungeon (1/15)

Altars:


Innate Abilities, Weirdness & Mutations

You cannot wear armour.
You are incapable of wielding weapons or throwing items.
Your paws allow you to move quietly. (Stealth)
You have sharp claws.
You have razor-sharp teeth.
You have supernaturally acute eyesight. (SInv)
You cover ground quickly.
You are covered in fur. (AC +1)
Your sharp claws are effective at attacking unaware monsters.


Message History

You scratch the hobgoblin but do no damage.
The hobgoblin is moderately wounded.
The hobgoblin hits you with a +0 club.
* * * LOW HITPOINT WARNING * * *
Unknown command.
The bat completely misses you. The bat hits you but does no damage.
The bat barely misses you. The bat completely misses you.
You see here a bat corpse.
The bat hits you but does no damage. The bat hits you.
* * * LOW HITPOINT WARNING * * *
The bat closely misses you. The bat misses you. The bat completely misses you.
The bat hits you.
* * * LOW HITPOINT WARNING * * *
The bat misses you. The bat barely misses you. The bat completely misses you.
The bat barely misses you. The bat barely misses you.
The bat completely misses you. The bat barely misses you.
The bat completely misses you. The bat completely misses you.
The bat hits you but does no damage.
You aren't carrying any potions.
You aren't carrying any scrolls.
Unknown command.
There are monsters nearby!
The bat misses you. The bat misses you. The bat completely misses you.
The bat closely misses you. The bat misses you. The bat completely misses you.
The bat barely misses you. The bat barely misses you. The bat hits you.
* * * LOW HITPOINT WARNING * * *
The bat barely misses you. The bat barely misses you. The bat hits you.
You die...

..# #.# <.# #.# ..#
#.# .## #.# ## #.#
# #b# # #.# #
#######b# ##
#....@bb# .#
########.#######
.## #..>.......#
..###.######.#.....
......# #.######
.###.## #.# ## #.#
... #.# #.# ... ..#


You could see 3 bats.

Vanquished Creatures
  A dart slug (D:1)
  4 bats (D:1)
  A frilled lizard (D:1)
  A rat (D:1)
7 creatures vanquished.

Notes
Turn   | Place    | Note
-------+----------+-------------------------------------------
     0 | D:1      | inc the Felid Chaos Knight began the quest for the Orb.
     0 | D:1      | Reached XP level 1. HP: 10/10 MP: 2/2
    88 | D:1      | XOM: silly message
   128 | D:1      | XOM: divination: detect items
   161 | D:1      | XOM: butterfly on damage
   204 | D:1      | Slain by a bat

Illustrated notes

Levels and vault maps discovered:
D:1:      dpeg_arrival_round_c, layout_loops_ring, grunt_decor_clamped,
          minmay_heptomino_w4

Action                   || total
-------------------------++-------
Melee: Unarmed           ||    17
       Bite              ||     2
 Stab: Sleeping          ||     1
Armor: Skin              ||     7
Dodge: Dodged            ||    39

Table legend: (Time is in decaauts)
 A = Elapsed time spent in this place.
 B = Non-inter-level travel time spent in this place.
 C = Inter-level travel time spent in this place.
 D = Time resting spent in this place.
 E = Time spent auto-exploring this place.
 F = Levels seen in this place.
 G = Mean time per level.
                   A        B        C        D        E       F      G
               +--------+--------+--------+--------+--------+-----+--------+
         Total |    175 |    175 |      0 |      0 |    101 |   1 |  175.0 |
       Dungeon |    175 |    175 |      0 |      0 |    101 |   1 |  175.0 |
               +--------+--------+--------+--------+--------+-----+--------+

Top non-repeatable levels by time:
     D:1: 175 daAuts
